 Dungeon Crawl Stone Soup version 0.28.0 (webtiles) character file.

Game seed: 7198524067365681830

4 Karpo the Sneak (level 1, 0/9 HPs)
             Began as a Spriggan Enchanter on Feb 16, 2022.
             Slain by a kobold (2 damage)
             ... on level 1 of the Dungeon.
             The game lasted 00:00:56 (409 turns).

Karpo the Sneak (Spriggan Enchanter)                 Turns: 409, Time: 00:00:57

Health: 0/9        AC:  2    Str:  4    XL:     1   Next: 58%
Magic:  5/5        EV: 17    Int: 16    God:
Gold:   11         SH:  0    Dex: 15    Spells: 5/5 levels left

rFire   . . .      SeeInvis +   a - +1 dagger
rCold   . . .      Faith    .   (no shield)
rNeg    . . .      Spirit   .   b - +0 robe
rPois   .          Reflect  .   (helmet restricted)
rElec   .          Harm     .   (no cloak)
rCorr   .          Rampage  .   (gloves unavailable)
Will    .....                   (boots unavailable)
Stlth   +++.......              (no amulet)
HPRegen 0.03/turn               (no ring)
MPRegen 0.09/turn               (no ring)

@: very quick
A: very small, no large weapons, unfitting armour, see invisible, speed 3
a: no special abilities


You were on level 1 of the Dungeon.
You visited 1 branch of the dungeon, and saw 1 of its levels.

You collected 11 gold pieces.

Inventory:

Hand Weapons
 a - a +1 dagger (weapon)
Armour
 b - a +0 robe (worn)
Potions
 c - a potion of invisibility
 d - a potion of magic {unknown}


   Skills:
 + Level 1.2 Short Blades
 - Level 2.6 Dodging
 + Level 4.9 Stealth
 - Level 2.6 Spellcasting
 - Level 3.6 Hexes


You had 5 spell levels left.
You didn't know any spells.
Your spell library contained the following spells:

 Spells                   Type           Power      Damage    Failure   Level
 Confusing Touch          Hex            13%        N/A       13%         3
 Tukima's Dance           Hex            13%        N/A       13%         3
 Ensorcelled Hibernation  Hex/Ice        14%        N/A       14%         2
 Dazzling Flash           Conj/Hex       14%        N/A       28%         3


Dungeon Overview and Level Annotations

Branches:
Dungeon (1/15)

Altars:


Innate Abilities, Weirdness & Mutations

You are very small and have problems with some larger weapons.
You are too small for most types of armour.
You have supernaturally acute eyesight. (SInv)
You cover ground extremely quickly. (Speed+++)


Message History

The dart slug is heavily wounded.
You hit the dart slug.
The dart slug is severely wounded.
The dart slug launches a dart at you. The slug dart hits you.
You hit the dart slug but do no damage.
The dart slug is severely wounded.
The dart slug launches a dart at you. The slug dart misses you.
You hit the dart slug.
You kill the dart slug!
Found a mace.
You start resting.
HP restored.
Okay, then.
A rat comes into view.
A kobold comes into view. It is wielding a +0 club.
The kobold shouts!
You closely miss the rat. The rat bites you but does no damage.
You closely miss the rat. The rat barely misses you.
The kobold barely misses you.
You hit the rat but do no damage. The rat bites you. The kobold misses you.
You hit the rat.
You kill the rat!
The kobold hits you with a +0 club.
You hit the kobold.
The kobold is moderately wounded.
You closely miss the kobold.
The kobold is moderately wounded.
The kobold hits you with a +0 club.
* * * LOW HITPOINT WARNING * * *
You are too injured to fight recklessly!
You are too injured to fight recklessly!
You are too injured to fight recklessly!
You barely miss the kobold.
The kobold is moderately wounded.
The kobold barely misses you.
You see here a frilled lizard skeleton.
The kobold hits you with a +0 club.
You die...

... ###.#.....# .#
#.#.##..###
#.........# ###
###.##..#...# ...
###.###.###.##
#.###...###......#
#.....#..##.####.#
###.K###.##.#
##@###.#..# .#
##....##.##
...#..#..##.#
#.....#.##<#
##.#.#...##>#
.......#.##.#
............##
..[...........#
..............#


You could see a kobold.

Vanquished Creatures
  A dart slug (D:1)
  A ball python (D:1)
  A frilled lizard (D:1)
  A rat (D:1)
4 creatures vanquished.

Notes
Turn   | Place    | Note
-------+----------+-------------------------------------------
     0 | D:1      | Karpo the Spriggan Enchanter began the quest for the Orb.
     0 | D:1      | Reached XP level 1. HP: 9/9 MP: 5/5
   409 | D:1      | Slain by a kobold

Illustrated notes

Levels and vault maps discovered:
D:1:      dpeg_arrival_tiny_j, layout_rooms, serial_shops, shop,
          chequers_serial_rivers_small_a

Action                   || total
-------------------------++-------
Melee: Dagger            ||    25
 Stab: Sleeping          ||     2
Armor: Robe              ||     2
Dodge: Dodged            ||    11
